 Dungeon Crawl Stone Soup version 0.28.0-43-g3370ac3207 (webtiles) character file.

Game seed: 218944252387873016

1323 croobank the Firebug (level 8, -65/58 HPs)
             Began as a Human Fire Elementalist on Mar 16, 2022.
             Was an Initiate of Hepliaklqana.
             Blown up by a lich (86 damage)
             ... with an orb of destruction
             ... on level 1 of the Abyss.
             The game lasted 00:23:31 (7488 turns).

croobank the Firebug (Human Fire Elementalist)      Turns: 7488, Time: 00:23:31

Health: -65/58     AC: 14    Str:  8    XL:     8   Next: 90%
Magic:  0/11       EV: 13    Int: 19    God:    Hepliaklqana [......]
Gold:   177        SH:  0    Dex: 13    Spells: 8/15 levels left

rFire   . . .      SeeInvis .   x - +2 short sword (holy)
rCold   . . .      Faith    .   (no shield)
rNeg    . . .      Spirit   +   a - +0 robe
rPois   +          Reflect  .   g - +2 helmet
rElec   .          Harm     .   (no cloak)
rCorr   .          Rampage  .   (no gloves)
Will    .....      Clarity  +   u - +0 pair of boots
Stlth   +++.......              L - amulet of guardian spirit
HPRegen 0.19/turn               j - ring of poison resistance
MPRegen 0.12/turn               K - +4 ring of protection

@: no status effects
A: iridescent scales 2, clarity, [low MP 2]
a: Renounce Religion


You were on level 1 of the Abyss.
You worshipped Hepliaklqana.
Hepliaklqana was noncommittal.
You visited 2 branches of the dungeon, and saw 8 of its levels.
You visited the Abyss 1 time.

You collected 364 gold pieces.
You spent 187 gold pieces at shops.

Inventory:

Hand Weapons
 b - a +0 hunting sling
 h - a +2 whip of venom
 l - a +0 short sword
 x - a +2 short sword of holy wrath (weapon)
 I - a +0 dire flail
 M - a +0 battleaxe
Missiles
 d - 109 stones
 i - 7 poisoned darts
 m - 31 arrows
 G - 2 boomerangs (quivered)
 J - 2 silver boomerangs
Armour
 a - a +0 robe (worn)
 g - a +2 helmet (worn)
 u - a +0 pair of boots (worn)
 A - a +0 leather armour
Magical Staves
 H - a staff of earth
Jewellery
 j - a ring of poison resistance (left hand)
 K - a +4 ring of protection (right hand)
 L - an amulet of guardian spirit (around neck)
Wands
 y - a wand of paralysis (13)
 E - a wand of digging (5)
Scrolls
 c - a scroll of teleportation {unknown}
 e - a scroll of blinking {unknown}
 n - a scroll of magic mapping {unknown}
 o - a scroll of identify {unknown}
 s - a scroll of vulnerability {unknown}
 t - a scroll of torment {unknown}
 C - a scroll of amnesia {unknown}
 D - 2 scrolls of noise {unknown}
Potions
 f - 2 potions of cancellation
 p - 2 potions of curing
 q - 2 potions of mutation
 r - 2 potions of flight {unknown}
 v - 3 potions of brilliance {unknown}
 z - a potion of might {unknown}
 B - a potion of attraction {unknown}
 F - 2 potions of degeneration {unknown}


   Skills:
 + Level 3.4 Fighting
 + Level 3.4 Maces & Flails
 + Level 4.2 Dodging
 + Level 4.5 Stealth
 + Level 4.0 Spellcasting
 + Level 3.9 Conjurations
 + Level 4.8 Fire Magic


You had 8 spell levels left.
You knew the following spells:

 Your Spells              Type           Power      Damage    Failure   Level
a - Foxfire               Conj/Fire      80%        2x1d8     2%          1
b - Scorch                Fire           44%        2d7       2%          2
c - Flame Wave            Conj/Fire      20%        2d7       22%         4

Your spell library contained the following spells:

 Spells                   Type           Power      Damage    Failure   Level
 Conjure Flame            Conj/Fire      20%        6-21      7%          3
 Inner Flame              Hex/Fire       13%        N/A       16%         3
 Malign Gateway           Summ/Tloc      1%         N/A       100%        7
 Summon Horrible Things   Summ           1%         N/A       100%        8


Dungeon Overview and Level Annotations

Branches:
Dungeon (7/15)             Temple (1/1) D:5

Altars:
Elyvilon
Fedhas
Hepliaklqana
Makhleb
Qazlal
Wu Jian
Xom

Shops:
D:6 !*(


Innate Abilities, Weirdness & Mutations

You are mostly covered in iridescent scales. (AC +4)
You possess an exceptional clarity of mind.
[Your magical capacity is very low. (-20% MP)]


Message History

Wisps of shadow whirl around you...
You swap places.
You swap places.
Your ufetubus completely misses the wretched star.
Your ufetubus barely misses the wretched star.
The wretched star glows turbulently.
The lance of force hits your large abomination!
Your large abomination is knocked back by the lance of force.
Your large abomination collides with you!
Your large abomination is heavily damaged.
Your ufetubus hits the wretched star. x2
The iron imp hits you but does no damage.
Your raiju bites the iron imp.
Your raiju shocks the iron imp.
The iron imp resists.
Something bites your large abomination.
Something shocks your large abomination!
Your raiju dissolves into shadows!
A lich comes into view.
The lich shouts!
The lich gestures wildly while chanting.
The lich flickers and vanishes!
Deactivating autopickup; reactivate with Ctrl-A.
You closely miss something.
Something touches you but does no damage.
You hear some strange, mumbled words.
You hear some strange, mumbled words.
A bolt of cold appears from out of thin air!
The bolt of cold misses you.
You hear some strange, mumbled words.
A bolt of cold appears from out of thin air!
The bolt of cold misses the iron imp.
The bolt of cold hits you!!
Found a gateway leading deeper into the Abyss.
Something completely misses you.
Something touches you but does no damage.
There is a gateway leading deeper into the Abyss here.
Something conjures a glowing orb.
An orb of destruction comes into view.
The orb of destruction hits you!!!!
Ouch! That really hurt!
You die...

#... ... ## #..
# .# ..#. .#
..# .# #.
#.####.# .#.
####.#{○@#
#...#..#..○##.#
...#....####.#
. #..#.#....##.
#...##.##....#
#.
#..#......###
.. #....##..#
##
#.##..#..#... #
#..#...#.#.#


There were no monsters in sight!

Vanquished Creatures
  An orc warrior (D:7)
  2 ice beasts
  An ogre (D:5)
  Blork the orc (D:6)
  2 scorpions
  A water moccasin skeleton (D:5)
  4 wights
  A howler monkey (D:6)
  3 hounds
  A jelly (D:5)
  A bullfrog skeleton (D:6)
  An orc priest (D:5)
  2 centaur skeletons
  3 iguanas
  A hound skeleton (D:4)
  9 adders
  An ufetubus (D:3)
  An adder skeleton (D:2)
  A worm (D:3)
  4 dart slugs
  10 orcs
  5 endoplasms
  2 giant cockroaches
  9 goblins
  5 hobgoblins
  13 kobolds
  2 quokkas (D:1)
  11 ball pythons
  5 bats
  7 frilled lizards
  3 rats
113 creatures vanquished.

Vanquished Creatures (others)
  187 foxfires
187 creatures vanquished.

Grand Total: 300 creatures vanquished

Notes
Turn   | Place    | Note
-------+----------+-------------------------------------------
     0 | D:1      | croobank the Human Fire Elementalist began the quest for
                  | the Orb.
     0 | D:1      | Reached XP level 1. HP: 13/13 MP: 3/3
   132 | D:1      | Reached XP level 2. HP: 10/19 MP: 0/5
   275 | D:1      | Learned a level 2 spell: Scorch
   477 | D:1      | Found a faded altar of an unknown god.
   728 | D:1      | Reached XP level 3. HP: 24/24 MP: 4/6
  1103 | D:2      | Reached XP level 4. HP: 31/31 MP: 0/7
  1108 | D:2      | Learned a level 4 spell: Flame Wave
  1557 | D:2      | Reached skill level 1 in Maces & Flails
  2222 | D:3      | Reached skill level 1 in Fighting
  2222 | D:3      | Reached XP level 5. HP: 37/37 MP: 2/8
  2827 | D:3      | Reached XP level 6. HP: 33/43 MP: 1/10
  4512 | D:5      | Entered Level 5 of the Dungeon
  4646 | D:5      | Reached XP level 7. HP: 50/50 MP: 6/11
  4787 | D:5      | Found a staircase to the Ecumenical Temple.
  4796 | Temple   | Entered the Ecumenical Temple
  4805 | Temple   | Became a worshipper of Hepliaklqana the Forgotten
  5209 | D:5      | Reached XP level 8. HP: 57/57 MP: 6/13
  5858 | D:6      | Found Winlis's Weapon Emporium.
  5918 | D:6      | Bought 2 silver boomerangs for 42 gold pieces
  6025 | D:6      | Found Pyma's Assorted Antiques.
  6035 | D:6      | Bought a dented blue amulet for 145 gold pieces
  6208 | D:7      | Gained mutation: You possess an exceptional clarity of
                  | mind. [potion of mutation]
  6208 | D:7      | Gained mutation: You are partially covered in iridescent
                  | scales. (AC +2) [potion of mutation]
  6208 | D:7      | Gained mutation: You are mostly covered in iridescent
                  | scales. (AC +4) [potion of mutation]
  6569 | D:6      | Found Noiruhosch's Distillery.
  6740 | D:6      | Noticed Blork the orc
  6751 | D:6      | Killed Blork the orc
  7350 | D:7      | Cast into level 1 of the Abyss (gnoll)
  7386 | Abyss:1  | Noticed a smoke demon
  7408 | Abyss:1  | Noticed a daeva
  7416 | Abyss:1  | Noticed a raiju
  7420 | Abyss:1  | Noticed a wretched star
  7467 | Abyss:1  | Noticed a lich
  7488 | Abyss:1  | Blown up by a lich

Illustrated notes

Levels and vault maps discovered:
D:1:      lemuel_arrival_broad_hall, layout_loops_cross, basic_ecumenical_altar
D:2:      layout_loops_cross
D:3:      layout_loops_ring, serial_glass, glass_columns_c, glass_columns_a
D:4:      layout_cave_pods, wad_floor_pattern_2
D:5:      layout_basic, minmay_temple_entry_sparse_star,
          hangedman_abyss_or_decor_stabs
D:6:      layout_loops_ring, serial_shops, nicolae_inconvenience_store, shop,
          nicolae_shop_waterfront, kennysheep_nondescript, uniq_blork_the_orc
D:7:      layout_layer_cave, lemuel_tele_altar, nicolae_wooded_promenade,
          uniq_harold
Temple:   mainiacjoe_temple_coin_purse
Abyss:1:  base: D:2, hangedman_abyss_shoalhut, minivault_27

Skill      XL: |  1  2  3  4  5  6  7  8 |
---------------+-------------------------+-----
Maces & Flails | 1 2 3 |  3.4
Fighting       | 1 2 3 |  3.4
Conjurations   | 2 3 |  3.9
Dodging        | 3 4 |  4.2
Stealth        | 3 4 |  4.5
Spellcasting   | 3 4 |  4.0
Fire Magic     | 4 |  4.8

Action                   |  1- 3 |  4- 6 |  7- 9 || total
-------------------------+-------+-------+-------++-------
Melee: Unarmed           |    15 |       |       ||    15
       Whip              |     5 |    29 |     2 ||    36
       Short sword       |       |     6 |    56 ||    62
Throw: Boomerang         |       |       |     6 ||     6
 Cast: Foxfire           |    33 |    52 |    29 ||   114
       Scorch            |     7 |    36 |    48 ||    91
       Flame Wave        |       |       |     2 ||     2
  Use: Potion            |     1 |       |     6 ||     7
       Scroll            |       |     2 |     1 ||     3
Armor: Robe              |    14 |    20 |    50 ||    84
Dodge: Dodged            |    30 |    41 |    91 ||   162
